Map: Orbital Shipyard

Players

ILLBdA - Winner!

  • Race: Protoss Protoss
  • League: Diamond

네스

  • Race: Terran Terran
  • League: Diamond

VOD

Have the link to the VOD?

Description

Time

  • Played on: Dec. 16, 2015, 3:21 a.m.
  • Length: 5:45
Show
View Real Time Build Order
Export as new Build Order

ILLBdA Protoss - Winner!

Build Orders: 1 Gate Expand 

Get SALT Encoding   

  12  0:01  Probe (Chrono Boost)  
  13  0:11  Probe (Chrono Boost)  
  14  0:19  Pylon  
  14  0:22  Probe (Chrono Boost)  
  15  0:37  Gateway, Probe (Chrono Boost)  
  16  0:43  Assimilator  
  16  0:48  Probe (Chrono Boost)  
  17  0:58  Probe (Chrono Boost)  
  18  1:09  Probe (Chrono Boost)  
  19  1:20  Nexus  
  19  1:24  Probe (Chrono Boost)  
  20  1:35  Cybernetics Core  
  20  1:38  Probe (Chrono Boost)  
  21  1:45  Assimilator  
  21  1:49  Probe (Chrono Boost)  
  21  1:52  Pylon  
  22  1:59  Probe (Chrono Boost)  
  23  2:10  Probe (Chrono Boost)  
  23  2:11  Stalker (Chrono Boost)  
  23  2:12  Warp Gate  
  28  2:22  Mothership Core  
  28  2:31  Probe  
  29  2:42  Probe  
  29  2:44  Sentry (Chrono Boost), Probe  
  33  2:52  Probe  
  33  2:53  Pylon  
  33  2:56  Probe  
  33  2:58  Robotics Facility  
  35  3:03  Probe  
  36  3:07  Adept (Chrono Boost)  
  36  3:08  Probe  
  39  3:13  Probe  
  40  3:21  Probe  
  40  3:22  Forge  
  40  3:24  Probe  
  42  3:30  Sentry (Chrono Boost)  
  44  3:36  Probe  
  44  3:39  Pylon  
  45  3:45  Observer (Chrono Boost)  
  46  3:55  Sentry, Pylon  
  48  4:05  Gateway  
  48  4:06  Gateway  
  48  4:08  Gateway  
  52  4:10  Immortal (Chrono Boost)  
  52  4:15  Probe  
  52  4:16  Probe  
  54  4:25  Gateway  
  54  4:28  Gateway  
  54  4:29  Pylon  
  54  4:31  Pylon  
  54  4:36  Probe  
  55  4:43  Immortal (Chrono Boost)  
  59  4:49  Pylon  
  59  4:57  Assimilator  
  59  5:01  Adept x3  
  59  5:02  Assimilator  
  59  5:07  Adept  
  69  5:21  Adept  
  69  5:24  Probe  
  69  5:26  Pylon  
  69  5:27  Pylon  
  70  5:30  Adept x3  
Show
View Real Time Build Order
Export as new Build Order

네스 Terran 

Build Orders:  

Get SALT Encoding   

  12  0:01  SCV  
  13  0:13  SCV  
  14  0:19  Supply Depot  
  14  0:25  SCV  
  15  0:40  SCV  
  15  0:41  Barracks  
  16  0:46  Refinery  
  16  0:52  SCV  
  17  1:05  SCV  
  18  1:14  Refinery  
  18  1:17  SCV  
  19  1:29  Marine  
  19  1:30  Orbital Command  
  20  1:34  Ghost Academy  
  20  1:47  Barracks Tech Lab  
  20  1:55  Supply Depot  
  20  1:56  SCV  
  21  2:05  Ghost  
  23  2:17  SCV  
  23  2:21  Barracks  
  24  2:29  SCV  
  25  2:33  Barracks  
  25  2:43  Ghost  
  26  2:52  Personal Cloaking  
  26  2:55  SCV  
  27  3:07  Stimpack  
  27  3:08  SCV  
  27  3:10  Marine  
  27  3:11  Marine  
  30  3:20  SCV  
  30  3:22  Barracks Tech Lab  
  31  3:29  Barracks Reactor  
  31  3:38  Supply Depot  
  31  3:44  Supply Depot  
  31  3:45  Concussive Shells  
  31  4:00  SCV, Marauder x2  
  36  4:05  Marine x2  
  36  4:08  Supply Depot  
  38  4:12  SCV  
  39  4:21  Marauder x2  
  39  4:23  Marine x2  
  45  4:24  SCV  
  46  4:36  Supply Depot, SCV  
  47  4:41  Marine  
  47  4:43  Marauder  
  50  4:46  Marauder  
  50  4:47  Marine  
  53  4:58  Marine  
  53  4:59  Supply Depot  
  54  5:04  Marine  
  54  5:05  Marine  
  58  5:16  Marine  
  59  5:22  Supply Depot, Marine  
Tags
 
Add a new tag
Caveats
  • Supply blocks, unpowered buildings, or Contaminate may cause inaccurate times.
  • Supply counts are checked every 10 seconds.